 Dungeon Crawl Stone Soup version 0.18.1-48-g4cf74bf (webtiles) character file.

4202 striepan the Destroyer (level 10, -2/56 HPs)
             Began as a Deep Elf Fire Elementalist on May 29, 2016.
             Was a Priest of Vehumet.
             Slain by a killer bee (6 damage)
             ... on level 8 of the Dungeon on Aug 9, 2016.
             The game lasted 02:31:07 (9956 turns).

striepan the Destroyer (Deep Elf Fire Elementalist) Turns: 9956, Time: 02:31:07

Health: -2/56      AC:  4    Str:  5    XL:     10   Next: 8%
Magic:  30/33      EV: 16    Int: 24    God:    Vehumet [***...]
Gold:   526        SH:  0    Dex: 18    Spells: 5 memorised, 12 levels left

rFire  . . .     SeeInvis .     d - +0 short sword
rCold  . . .     Gourm    .     x - +1 animal skin
rNeg   . . .     Faith    .     (no shield)
rPois  .         Spirit   .     (no helmet)
rElec  .         Dismiss  .     P - +0 cloak
rCorr  .         Reflect  .     (no gloves)
SustAt .         Harm     .     (no boots)
MR     +....                    M - amulet of magic regeneration
Stlth  ++........               O - ring of magical power
                                L - +3 ring of dexterity

@: lethally poisoned (-2 -> -8), somewhat resistant to hostile enchantments,
unstealthy
A: no striking features
a: Renounce Religion


You were on level 8 of the Dungeon.
You worshipped Vehumet.
Vehumet was most pleased with you.
You were not hungry.

You visited 2 branches of the dungeon, and saw 9 of its levels.
You also visited: Ossuary.

You collected 526 gold pieces.

Inventory:

Hand Weapons
 d - a +0 short sword (weapon)
 g - a +0 dagger
 w - a +0 dagger of speed
 A - a +0 dagger of distortion
 J - a cursed -2 short sword
Armour
 a - a +0 robe
 x - a +1 animal skin (worn)
 P - a +0 cloak (worn)
Jewellery
 e - an uncursed ring of positive energy
 n - an uncursed ring of teleportation
 o - an uncursed amulet of dismissal
 E - an uncursed ring of positive energy
 L - a +3 ring of dexterity (left hand)
 M - an amulet of magic regeneration (around neck)
 O - a ring of magical power (right hand)
Scrolls
 j - a scroll of fog {unknown}
 k - 9 scrolls of identify
 m - 6 scrolls of teleportation {unknown}
 p - 3 scrolls of enchant armour {unknown}
 r - 8 scrolls of remove curse
 t - a scroll of recharging
 u - 3 scrolls of enchant weapon {unknown}
 y - 4 scrolls of magic mapping {unknown}
 B - 4 scrolls of fear {unknown}
 F - a scroll of blinking {unknown}
 N - 2 scrolls of amnesia {unknown}
Potions
 f - a potion of heal wounds
 h - 4 potions of cancellation
 l - a potion of lignification {unknown}
 q - 4 potions of flight {unknown}
 s - 5 potions of haste
 z - 3 potions of curing
 C - a potion of resistance {unknown}
 D - 3 potions of ambrosia {unknown}
 G - a potion of agility {unknown}
 H - 2 potions of brilliance {unknown}
 K - a potion of berserk rage {unknown}
Books
 b - a book of Flames

   Spells                             Type                      Level
   a - Flame Tongue                   Conjuration/Fire             1
   b - Throw Flame                    Conjuration/Fire             2
   c - Conjure Flame                  Conjuration/Fire             3
   d - Inner Flame                    Hexes/Fire                   3
   e - Sticky Flame                   Conjuration/Fire             4
   f - Fireball                       Conjuration/Fire             5
 I - a book of Enchantments

   Spells                             Type                      Level
   a - Cause Fear                     Hexes                        4
   b - Yara's Violent Unravelling     Hexes/Transmutation          5
   c - Silence                        Hexes/Air                    5
   d - Deflect Missiles               Charms/Air                   6
   e - Haste                          Charms                       6
   f - Discord                        Hexes                        8
Comestibles
 c - 3 bread rations
 i - a chunk of flesh
 v - 2 fruits


   Skills:
 - Level 4.0 Fighting
 - Level 6.1 Dodging
 - Level 2.4 Stealth
 + Level 8.4 Spellcasting
 - Level 10.1 Conjurations
 - Level 8.1 Fire Magic


You had 12 spell levels left.
You knew the following spells:

 Your Spells              Type           Power        Failure   Level  Hunger
a - Flame Tongue          Conj/Fire      #####        1%          1    None
b - Conjure Flame         Conj/Fire      ######..     1%          3    None
c - Throw Flame           Conj/Fire      ######       1%          2    None
d - Fireball              Conj/Fire      ######....   1%          5    ####...
e - Searing Ray           Conj           ######       1%          2    None


Dungeon Overview and Level Annotations

Branches:
Dungeon (8/15)             Temple (1/1) D:4
   Lair: D:8-11

Altars:
Ashenzari
Cheibriados
Dithmenos
Elyvilon
Kikubaaqudgha
Nemelex Xobeh
Okawaru
Pakellas
Qazlal
Ru
Sif Muna
Trog
Vehumet
Xom
Yredelemnul
Zin
The Shining One

Shops:
D:4 %


Message History

The killer bee poisons you!
The killer bee stings you but does no damage.
The killer bee barely misses you.
Drink which item? (? for menu, Esc to quit)
You feel better. The killer bee stings you!
* * * LOW HITPOINT WARNING * * *
You are poisoned.
The killer bee poisons you! The killer bee misses you.
The killer bee completely misses you. The killer bee stings you!
* * * LOW HITPOINT WARNING * * *
Drink which item? (? for menu, Esc to quit)
Okay, then.
Read which item? (? for menu, Esc to quit)
As you read the scroll labeled QOUMUDGHOEPI, it crumbles to dust.
It is a scroll of recharging.
You aren't carrying any rechargeable items.
* * * LOW HITPOINT WARNING * * *
You feel sick. The killer bee closely misses you. x2
The killer bee stings you.
You die...

#.######.##.##
##........##.##
#..#########.##
###..## #...
##.#...y.# ###.
...y..yy.# ..
#######..# ## ..
..#.#######.#...##
...
....yyy@yly........
..#########.#...###
#.##.## #.# ## #l#
#.. ##. .


You could see an iguana and 5 killer bees.

Vanquished Creatures
  The ghost of Krapule the Charmwright, a novice HuSk of Cheibriados (D:7)
  Prince Ribbit (D:7)
  Grinder (D:4)
  The ghost of daning the Charmwright, an amateur HESk (D:5)
  A hungry ghost (D:4)
  Duvessa (D:4)
  An orc warrior (D:6)
  A black bear (D:6)
  5 ice beasts
  An ogre (D:3)
  A centaur (D:6)
  2 big kobolds (D:6)
  3 elf zombies
  An elf skeleton (D:6)
  Dowan (D:4)
  2 scorpions
  5 killer bees (D:8)
  5 wights (D:6)
  5 howler monkeys (D:7)
  2 electric eels (D:6)
  2 crimson imps (D:6)
  2 jellies (D:5)
  3 human zombies
  An orc priest (D:6)
  2 hounds
  Crazy Yiuf (D:7)
  A human skeleton (D:6)
  An iguana (D:4)
  5 worker ants
  A big kobold zombie (Ossuary)
  2 mummies (Ossuary)
  2 worker ant zombies (D:6)
  Robin (D:2)
  5 adders
  7 gnolls (D:6)
  An ooze (D:5)
  An adder zombie (Ossuary)
  An adder skeleton (D:6)
  2 worms
  3 dart slugs
  3 giant geckos
  2 orcs
  8 bats
  4 giant cockroaches
  32 goblins
  27 hobgoblins
  16 kobolds
  A quokka (D:4)
  A giant gecko zombie (D:5)
  5 giant newts
  A goblin zombie (Ossuary)
  10 hobgoblin zombies (Ossuary)
  A jackal skeleton (D:4)
  A jackal zombie (Ossuary)
  6 kobold zombies (Ossuary)
  An orc skeleton (D:6)
  11 orc zombies (Ossuary)
  10 rats
  3 rat zombies (Ossuary)
228 creatures vanquished.

Notes
Turn   | Place    | Note
--------------------------------------------------------------
     0 | D:1      | striepan the Deep Elf Fire Elementalist began the quest for the Orb.
     0 | D:1      | Reached XP level 1. HP: 10/10 MP: 6/6
   113 | D:1      | Reached skill level 2 in Conjurations
   156 | D:1      | Reached XP level 2. HP: 15/15 MP: 6/8
   579 | D:1      | Reached skill level 3 in Conjurations
   760 | D:2      | Reached XP level 3. HP: 19/19 MP: 3/9
   787 | D:2      | Noticed Robin
   994 | D:2      | Upgraded the game from 0.18.1-8-gdd0e5ea to 0.18.1-48-g4cf74bf
  1235 | D:2      | Killed Robin
  1357 | D:2      | Reached XP level 4. HP: 24/24 MP: 7/10
  1581 | D:3      | Learned a level 3 spell: Conjure Flame
  1712 | D:3      | Reached skill level 4 in Conjurations
  1923 | D:3      | Noticed an ogre
  1930 | D:3      | Killed an ogre
  1930 | D:3      | Reached skill level 5 in Conjurations
  1930 | D:3      | Reached XP level 5. HP: 28/28 MP: 1/11
  1983 | D:3      | Learned a level 2 spell: Throw Flame
  2569 | D:4      | Reached skill level 6 in Conjurations
  2691 | D:4      | Found Vaim's Food Shop.
  2691 | D:4      | Noticed a hungry ghost
  2778 | D:4      | Noticed Grinder
  2786 | D:4      | Paralysed by Grinder for 5 turns
  2838 | D:4      | Paralysed by Grinder for 3 turns
  3031 | D:4      | Reached XP level 6. HP: 24/32 MP: 8/12
  3076 | D:4      | Killed a hungry ghost
  3076 | D:4      | Reached skill level 5 in Fire Magic
  3225 | D:4      | Noticed Dowan
  3226 | D:4      | Noticed Duvessa
  3234 | D:4      | Killed Dowan
  3305 | D:4      | Found a staircase to the Ecumenical Temple.
  3314 | Temple   | Entered the Ecumenical Temple
  3379 | Temple   | Became a worshipper of Vehumet
  3521 | D:4      | Killed Duvessa
  3521 | D:4      | Reached XP level 7. HP: 36/36 MP: 9/13
  3596 | D:4      | Paralysed by Grinder for 3 turns
  3929 | D:4      | Found an ancient bone altar of Kikubaaqudgha.
  3929 | D:4      | Found a bloodstained altar of Trog.
  3962 | D:5      | Entered Level 5 of the Dungeon
  3980 | D:5      | Noticed daning's ghost (amateur HESk)
  3996 | D:5      | Killed daning's ghost
  3996 | D:5      | Reached skill level 5 in Spellcasting
  4541 | D:5      | Found a sparkling altar of Nemelex Xobeh.
  4620 | D:5      | Reached skill level 7 in Conjurations
  4654 | D:5      | Learned a level 5 spell: Fireball
  4974 | D:6      | Reached XP level 8. HP: 17/41 MP: 12/19
  5175 | D:6      | Reached skill level 1 in Fighting
  5277 | D:6      | Found a sand-covered staircase.
  5283 | Ossuary  | Entered an ossuary
  5584 | Ossuary  | Reached * piety under Vehumet
  5584 | Ossuary  | Offered knowledge of Freeze by Vehumet.
  6434 | D:6      | Found a shimmering altar of Xom.
  6553 | D:6      | Found a shattered altar of Ashenzari.
  7003 | D:4      | Paralysed by Grinder for 6 turns
  7010 | D:4      | Killed Grinder
  7010 | D:4      | Reached skill level 5 in Dodging
  7289 | D:6      | Reached XP level 9. HP: 41/52 MP: 20/20
  7827 | D:6      | Found a stormy altar of Qazlal.
  7963 | D:6      | Offered knowledge of Sting by Vehumet.
  8000 | D:6      | Reached ** piety under Vehumet
  8342 | D:6      | Offered knowledge of Searing Ray by Vehumet.
  8522 | D:6      | Reached skill level 8 in Conjurations
  8738 | D:6      | Reached *** piety under Vehumet
  8946 | D:6      | Learned a level 2 spell: Searing Ray
  9025 | D:7      | Noticed Krapule's ghost (novice HuSk)
  9035 | D:7      | Killed Krapule's ghost
  9035 | D:7      | Reached skill level 10 in Conjurations
  9177 | D:7      | Noticed Prince Ribbit
  9186 | D:7      | Killed Prince Ribbit
  9251 | D:7      | Found a deep blue altar of Sif Muna.
  9638 | D:7      | Reached XP level 10. HP: 56/56 MP: 23/23
  9662 | D:7      | Noticed Crazy Yiuf
  9665 | D:7      | Killed Crazy Yiuf
  9785 | D:8      | Found an iron altar of Okawaru.
  9788 | D:8      | Offered knowledge of Dazzling Spray by Vehumet.
  9956 | D:8      | Slain by a killer bee

Skill      XL: |  1  2  3  4  5  6  7  8  9 10 |
---------------+-------------------------------+-----
Conjurations   | 2 3 5 6 7 10 | 10.1
Fire Magic     | 4 6 7 8 |  8.1
Spellcasting   | 6 7 8 |  8.4
Fighting       | 4 |  4.0
Dodging        | 5 6 |  6.1
Stealth        | |  2.4

Action                   |  1- 3 |  4- 6 |  7- 9 | 10-12 || total
-------------------------+-------+-------+-------+-------++-------
Melee: Dagger            |       |    11 |    80 |       ||    91
       Short sword       |       |       |   137 |       ||   137
 Cast: Flame Tongue      |    69 |    77 |   290 |     4 ||   440
       Conjure Flame     |       |     8 |    14 |       ||    22
       Throw Flame       |       |    15 |    57 |     5 ||    77
       Fireball          |       |       |    13 |       ||    13
       Searing Ray       |       |       |     4 |     2 ||     6
  Use: Scroll            |       |     1 |     4 |     1 ||     6
       Potion            |       |       |       |     3 ||     3
  Eat: Chunk             |     1 |     4 |     4 |       ||     9
       Beef jerky        |       |     2 |       |       ||     2
       Meat ration       |       |       |     3 |       ||     3
       Pizza             |       |       |     1 |       ||     1
       Bread ration      |       |       |     1 |       ||     1
Armor: Robe              |     4 |       |       |       ||     4
       Animal skin       |       |     5 |    40 |     5 ||    50
Dodge: Dodged            |    14 |    11 |   183 |    32 ||   240
